| TOP OF THE 1ST |
|
Reading Phillies batting - Pitching for Elmira Pioneers : LHP Mike Mason
|
|
Pitching: LHP Mike Mason
|
|
|
Batting: LHB George Johnson
|
0-0: Foul Ball, location: 2F 0-1: Swinging Strike 0-2: Ball 1-2: Ball 2-2: SINGLE (Line Drive, 3D, EV 95.0 MPH)
|
|
Batting: RHB Mark Sproesser
|
0-0: Ball 1-0: Foul Ball, location: 2F 1-1: Foul Ball, location: 2F 1-2: Ball 2-2: Foul Ball, location: 2F 2-2: Strikes out swinging
|
|
Batting: LHB Martino Martin
|
0-0: Called Strike 0-1: Swinging Strike 0-2: Grounds into double play, 4-6-3 (Groundball, 4, EV 88.1 MPH)
|
| Top of the 1st over - 0 runs, 1 hit, 0 errors, 0 left on base; Reading 0 - Elmira 0 |
| BOTTOM OF THE 1ST |
|
Elmira Pioneers batting - Pitching for Reading Phillies : RHP Tim Burke
|
|
Pitching: RHP Tim Burke
|
|
|
Batting: RHB Ken Dowell
|
0-0: Foul Ball, location: 2F 0-1: Ball 1-1: Ball 2-1: Swinging Strike 2-2: Strikes out swinging
|
|
Batting: RHB Mark Wasinger
|
0-0: Ball 1-0: Foul Ball, location: 2F 1-1: Ball 2-1: Ball 3-1: Swinging Strike 3-2: Foul Ball, location: 2F 3-2: Base on Balls
|
|
Batting: RHB Richard Givens
|
0-0: Called Strike 0-1: Ball 1-1: Ball 2-1: Foul Ball, location: 2F 2-2: Strikes out swinging
|
|
Batting: RHB Greg Keatley
|
0-0: Fly out, F9 (Flyball, 9LD, EV 108.8 MPH)
|
| Bottom of the 1st over - 0 runs, 0 hits, 0 errors, 1 left on base; Reading 0 - Elmira 0 |
| TOP OF THE 2ND |
|
Reading Phillies batting - Pitching for Elmira Pioneers : LHP Mike Mason
|
|
Batting: RHB Ricardo Rivera
|
0-0: Foul Ball, location: 2F 0-1: Ball 1-1: Swinging Strike 1-2: Ball 2-2: SINGLE (Groundball, 4D, EV 95.6 MPH)
|
|
Batting: LHB Pedro Rabassa
|
0-0: Swinging Strike 0-1: Ball 1-1: Called Strike 1-2: Ball 2-2: Foul Ball, location: 2F 2-2: Strikes out swinging
|
|
Batting: RHB Gabe Morales
|
0-0: Ball 1-0: Foul Ball, location: 2F 1-1: Swinging Strike 1-2: Ball 2-2: DOUBLE (Line Drive, 8LD, EV 98.1 MPH) Ricardo Rivera to third
|
|
Batting: RHB Paul Wirkus
|
0-0: Called Strike 0-1: Foul Ball, location: 2F 0-2: Ball 1-2: Ball 2-2: Ball 3-2: Base on Balls
|
|
Batting: SHB Doug Baker
|
0-0: Called Strike 0-1: Called Strike 0-2: Ball 1-2: Fly out, F8 (Flyball, 8RD, EV 95.6 MPH) Runner from 3rd tags up, SCORES, no throw by CF
|
|
Batting: LHB Alex Mata
|
0-0: Called Strike 0-1: Ball 1-1: Ball 2-1: Foul Ball, location: 2F 2-2: Ball 3-2: Ground out 5-3 (Groundball, 5D, EV 115.0 MPH)
|
| Top of the 2nd over - 1 run, 2 hits, 0 errors, 2 left on base; Reading 1 - Elmira 0 |
| BOTTOM OF THE 2ND |
|
Elmira Pioneers batting - Pitching for Reading Phillies : RHP Tim Burke
|
|
Batting: RHB Edwin Rodriguez
|
0-0: Ball 1-0: Ground out 5-3 (Groundball, 56S, EV 86.3 MPH)
|
|
Batting: SHB Esteban Mendez
|
0-0: Ball 1-0: Ball 2-0: Fly out, F9 (Line Drive, 9, EV 92.5 MPH)
|
|
Batting: LHB Juan Flores
|
0-0: Called Strike 0-1: Swinging Strike 0-2: Ball 1-2: Ball 2-2: Ball 3-2: Strikes out looking
|
| Bottom of the 2nd over - 0 runs, 0 hits, 0 errors, 0 left on base; Reading 1 - Elmira 0 |
| TOP OF THE 3RD |
|
Reading Phillies batting - Pitching for Elmira Pioneers : LHP Mike Mason
|
|
Batting: LHB George Johnson
|
0-0: Called Strike 0-1: Called Strike 0-2: Ball 1-2: Ball 2-2: Foul Ball, location: 2F 2-2: DOUBLE (Groundball, 5L, EV 100.0 MPH)
|
|
Batting: RHB Mark Sproesser
|
0-0: Ball 1-0: Ground out 4-3 (Groundball, 34, EV 82.5 MPH) George Johnson to third
|
|
Batting: LHB Martino Martin
|
0-0: Ball 1-0: Ball 2-0: Foul Ball, location: 2F 2-1: Ball 3-1: Base on Balls
|
|
Batting: RHB Ricardo Rivera
|
0-0: Ball 1-0: Fly out, F8 (Flyball, 89M, EV 91.9 MPH) Runner from 3rd tags up, SCORES, no throw by CF
|
|
Batting: LHB Pedro Rabassa
|
0-0: Foul Ball, location: 2F 0-1: Called Strike 0-2: Ball 1-2: Ball 2-2: Foul Ball, location: 2F 2-2: Foul Ball, location: 2F 2-2: Ground out 4-3 (Groundball, 4, EV 80.0 MPH)
|
| Top of the 3rd over - 1 run, 1 hit, 0 errors, 1 left on base; Reading 2 - Elmira 0 |
| BOTTOM OF THE 3RD |
|
Elmira Pioneers batting - Pitching for Reading Phillies : RHP Tim Burke
|
|
Batting: RHB Curtis Cannedy
|
0-0: Ball 1-0: Foul Ball, location: 2F 1-1: Ball 2-1: Ball 3-1: Base on Balls
|
|
Batting: LHB German Barranca
|
0-0: Swinging Strike 0-1: Foul Ball, location: 2F 0-2: Foul Ball, location: 2F 0-2: Ball 1-2: Ball 2-2: Strikes out swinging
|
|
Batting: RHB Ken Dowell
|
0-0: Ball 1-0: Ball 2-0: Foul Ball, location: 2F 2-1: Foul Ball, location: 2F 2-2: Ball 3-2: SINGLE (Line Drive, 4D, EV 95.6 MPH) Curtis Cannedy to second Runner from 2nd tries for 3rd, SAFE, throw by CF made to third
|
|
Batting: RHB Mark Wasinger
|
0-0: Called Strike 0-1: Called Strike 0-2: Foul Ball, location: 2F 0-2: Ball 1-2: Ball Ken Dowell steals 2nd base 2-2: Ground out 5-3 (Groundball, 56, EV 105.0 MPH) Curtis Cannedy scores
|
|
Batting: RHB Richard Givens
|
0-0: Ball 1-0: Foul Ball, location: 2F 1-1: Ball 2-1: Ball 3-1: Swinging Strike 3-2: 2-RUN HOME RUN (Flyball, 78XD, EV 95.0 MPH), Distance : 408 ft
|
|
Batting: RHB Greg Keatley
|
0-0: Fly out, F9 (Flyball, 9D, EV 80.0 MPH)
|
| Bottom of the 3rd over - 3 runs, 2 hits, 0 errors, 0 left on base; Reading 2 - Elmira 3 |
| TOP OF THE 4TH |
|
Reading Phillies batting - Pitching for Elmira Pioneers : LHP Mike Mason
|
|
Batting: RHB Gabe Morales
|
0-0: Foul Ball, location: 2F 0-1: Ball 1-1: Ball 2-1: Fly out, F8 (Line Drive, 8RD, EV 88.8 MPH)
|
|
Batting: RHB Paul Wirkus
|
0-0: Called Strike 0-1: Ball 1-1: SINGLE (Groundball, 6MD, EV 93.8 MPH)
|
|
Batting: SHB Doug Baker
|
0-0: Foul Ball, location: 2F 0-1: Ball 1-1: Ball 2-1: Foul Ball, location: 2F 2-2: Ball 3-2: SINGLE (Groundball, 3D, EV 105.6 MPH) Paul Wirkus to second Runner from 2nd tries for 3rd, SAFE, no throw by RF
|
|
Batting: LHB Alex Mata
|
0-0: Ball 1-0: Ball 2-0: Called Strike 2-1: Swinging Strike 2-2: Strikes out swinging
|
|
Batting: LHB George Johnson
|
0-0: Ball 1-0: Ground out U3 (Groundball, 34S, EV 64.4 MPH)
|
| Top of the 4th over - 0 runs, 2 hits, 0 errors, 2 left on base; Reading 2 - Elmira 3 |
| BOTTOM OF THE 4TH |
|
Elmira Pioneers batting - Pitching for Reading Phillies : RHP Tim Burke
|
|
Batting: RHB Edwin Rodriguez
|
0-0: Called Strike 0-1: Fly out, F9 (Line Drive, 9, EV 90.0 MPH)
|
|
Batting: SHB Esteban Mendez
|
0-0: Called Strike 0-1: Called Strike 0-2: Ball 1-2: Ball 2-2: Fly out, F8 (Flyball, 8RD, EV 92.5 MPH)
|
|
Batting: LHB Juan Flores
|
0-0: Ball 1-0: Foul Ball, location: 2F 1-1: Foul Ball, location: 2F 1-2: Strikes out looking
|
| Bottom of the 4th over - 0 runs, 0 hits, 0 errors, 0 left on base; Reading 2 - Elmira 3 |
| TOP OF THE 5TH |
|
Reading Phillies batting - Pitching for Elmira Pioneers : LHP Mike Mason
|
|
Batting: RHB Mark Sproesser
|
0-0: Ball 1-0: Ball 2-0: Ball 3-0: Base on Balls
|
|
Batting: LHB Martino Martin
|
0-0: Ball 1-0: Ball 2-0: SINGLE (Line Drive, 9S, EV 105.6 MPH) Mark Sproesser to second
|
|
Batting: RHB Ricardo Rivera
|
0-0: Ball 1-0: Foul Ball, location: 2F 1-1: Foul Ball, location: 2F 1-2: Ball 2-2: Ball 3-2: Base on Balls Mark Sproesser to third Martino Martin to second
|
|
Batting: LHB Pedro Rabassa
|
0-0: Foul Ball, location: 2F 0-1: Foul Ball, location: 2F 0-2: Foul Ball, location: 2F 0-2: Foul Ball, location: 2F 0-2: Foul Ball, location: 2F 0-2: SINGLE (Line Drive, 89M, EV 93.1 MPH) Mark Sproesser scores Martino Martin to third Ricardo Rivera to second
|
|
Batting: RHB Gabe Morales
|
0-0: Called Strike 0-1: Foul Ball, location: 2F 0-2: Ball 1-2: Ball 2-2: Ball 3-2: SINGLE (Groundball, 56, EV 101.9 MPH) Martino Martin scores Ricardo Rivera to third Pedro Rabassa to second Runner from 3rd tries for Home, SAFE, throw by LF to home Pedro Rabassa to third Gabe Morales to second
|
|
Batting: RHB Paul Wirkus
|
0-0: Ball 1-0: SINGLE (Popup, 3S, EV 76.9 MPH) Pedro Rabassa scores Gabe Morales to third
|
|
Pitching: RHP Renie Martin
|
|
|
Batting: SHB Doug Baker
|
0-0: Foul Ball, location: 2F 0-1: Ball 1-1: Ball 2-1: SINGLE (Flyball, 9S, EV 87.5 MPH) Gabe Morales scores Paul Wirkus to second Runner from 2nd tries for 3rd, SAFE, throw by RF made to third
|
|
Batting: LHB Alex Mata
|
0-0: SINGLE (Groundball, 4D, EV 102.5 MPH) Paul Wirkus scores Doug Baker to second
|
|
Batting: LHB George Johnson
|
0-0: Ball 1-0: Ball 2-0: Ball 3-0: Called Strike 3-1: Swinging Strike 3-2: Base on Balls Doug Baker to third Alex Mata to second
|
|
Batting: RHB Mark Sproesser
|
0-0: Ball 1-0: Called Strike 1-1: Fly out, F9 (Flyball, 9, EV 83.8 MPH)
|
|
Batting: LHB Martino Martin
|
0-0: Ball 1-0: Ball 2-0: Called Strike 2-1: Ball 3-1: Foul Ball, location: 2F 3-2: Foul Ball, location: 2F 3-2: Base on Balls Doug Baker scores Alex Mata to third George Johnson to second
|
|
Batting: RHB Ricardo Rivera
|
0-0: Ball 1-0: Ball 2-0: Ball 3-0: Base on Balls Alex Mata scores George Johnson to third Martino Martin to second
|
|
Batting: LHB Pedro Rabassa
|
0-0: Ball 1-0: Swinging Strike 1-1: Foul Ball, location: 2F 1-2: Ball 2-2: Foul Ball, location: 2F 2-2: Ball 3-2: Foul Ball, location: 2F 3-2: Foul Ball, location: 2F 3-2: Foul Ball, location: 2F 3-2: Fielders Choice at 2nd, 4-6 (Groundball, 4, EV 99.4 MPH) George Johnson scores Martino Martin to third
|
|
Batting: RHB Gabe Morales
|
0-0: Ball 1-0: Ball 2-0: SINGLE (Groundball, 6MD, EV 104.4 MPH) Martino Martin scores Pedro Rabassa to second
|
|
Pitching: RHP Rocky Childress
|
|
|
Batting: RHB Paul Wirkus
|
0-0: Ball 1-0: Ball 2-0: Swinging Strike 2-1: Fly out, F4 (Popup, 3S, EV 83.1 MPH)
|
| Top of the 5th over - 10 runs, 7 hits, 0 errors, 2 left on base; Reading 12 - Elmira 3 |
| BOTTOM OF THE 5TH |
|
Elmira Pioneers batting - Pitching for Reading Phillies : RHP Tim Burke
|
|
Batting: RHB Curtis Cannedy
|
0-0: Called Strike 0-1: Fly out, F9 (Flyball, 89S, EV 90.0 MPH)
|
|
Batting: LHB German Barranca
|
0-0: Swinging Strike 0-1: Ground out 6-3 (Groundball, 6, EV 96.3 MPH)
|
|
Batting: RHB Ken Dowell
|
0-0: Ball 1-0: Ball 2-0: Called Strike 2-1: Ball 3-1: Base on Balls
|
|
Batting: RHB Mark Wasinger
|
0-0: Ball 1-0: DOUBLE (Line Drive, 9LM, EV 106.3 MPH) Ken Dowell to third Runner from 3rd tries for Home, SAFE, throw by RF to home
|
|
Batting: RHB Richard Givens
|
0-0: Ball 1-0: Ball 2-0: Ground out 6-3 (Groundball, 6S, EV 88.8 MPH)
|
| Bottom of the 5th over - 1 run, 1 hit, 0 errors, 1 left on base; Reading 12 - Elmira 4 |
| TOP OF THE 6TH |
|
Reading Phillies batting - Pitching for Elmira Pioneers : RHP Rocky Childress
|
|
Batting: SHB Doug Baker
|
0-0: Foul Ball, location: 2F 0-1: Fly out, F8 (Flyball, 8LD, EV 93.1 MPH)
|
|
Batting: LHB Alex Mata
|
0-0: Called Strike 0-1: Swinging Strike 0-2: Strikes out looking
|
|
Batting: LHB George Johnson
|
0-0: Foul Ball, location: 2F 0-1: Ball 1-1: Ball 2-1: Foul Ball, location: 2F 2-2: Foul Ball, location: 2F 2-2: Fly out, F1 (Line Drive, P, EV 68.1 MPH)
|
| Top of the 6th over - 0 runs, 0 hits, 0 errors, 0 left on base; Reading 12 - Elmira 4 |
| BOTTOM OF THE 6TH |
|
Elmira Pioneers batting - Pitching for Reading Phillies : RHP Tim Burke
|
|
Batting: RHB Greg Keatley
|
0-0: Fly out, F7 (Flyball, 78D, EV 90.6 MPH)
|
|
Batting: RHB Edwin Rodriguez
|
0-0: Ball 1-0: Called Strike 1-1: Swinging Strike 1-2: Strikes out swinging
|
|
Batting: SHB Esteban Mendez
|
0-0: Ball 1-0: Ball 2-0: Called Strike 2-1: Fly out, F9 (Flyball, 89M, EV 86.3 MPH)
|
| Bottom of the 6th over - 0 runs, 0 hits, 0 errors, 0 left on base; Reading 12 - Elmira 4 |
| TOP OF THE 7TH |
|
Reading Phillies batting - Pitching for Elmira Pioneers : RHP Rocky Childress
|
|
Batting: RHB Mark Sproesser
|
0-0: Ball 1-0: Ground out U3 (Groundball, 34S, EV 77.5 MPH)
|
|
Batting: LHB Martino Martin
|
0-0: Ground out 5-3 (Groundball, 5, EV 88.1 MPH)
|
|
Batting: RHB Ricardo Rivera
|
0-0: Swinging Strike 0-1: Fly out, F7 (Flyball, 78S, EV 90.6 MPH)
|
| Top of the 7th over - 0 runs, 0 hits, 0 errors, 0 left on base; Reading 12 - Elmira 4 |
| BOTTOM OF THE 7TH |
|
Elmira Pioneers batting - Pitching for Reading Phillies : RHP Tim Burke
|
|
Batting: LHB Juan Flores
|
0-0: Swinging Strike 0-1: Ball 1-1: Called Strike 1-2: Foul Ball, location: 2F 1-2: Ground out 6-3 (Groundball, 6, EV 85.6 MPH)
|
|
Now at 3B: Daniel Davidsmeier
|
|
|
Batting: RHB Curtis Cannedy
|
0-0: Ball 1-0: Ball 2-0: Foul Ball, location: 2F 2-1: SINGLE (Flyball, 7LS, EV 88.8 MPH)
|
|
Batting: LHB German Barranca
|
0-0: Called Strike 0-1: Swinging Strike 0-2: Ball 1-2: Ball 2-2: Strikes out looking
|
|
Batting: RHB Ken Dowell
|
0-0: Swinging Strike 0-1: Ball 1-1: SINGLE (Groundball, 56D, EV 107.5 MPH) Curtis Cannedy to second
|
|
Batting: RHB Mark Wasinger
|
0-0: Ball 1-0: Ball 2-0: Ball 3-0: Base on Balls Curtis Cannedy to third Ken Dowell to second
|
|
Batting: RHB Richard Givens
|
0-0: Swinging Strike 0-1: Ball 1-1: Ball 2-1: Ball 3-1: Foul Ball, location: 2F 3-2: Strikes out swinging
|
| Bottom of the 7th over - 0 runs, 2 hits, 0 errors, 3 left on base; Reading 12 - Elmira 4 |
| TOP OF THE 8TH |
|
Reading Phillies batting - Pitching for Elmira Pioneers : RHP Rocky Childress
|
|
Batting: LHB Pedro Rabassa
|
0-0: Called Strike 0-1: Ball 1-1: Ball 2-1: Fly out, F9 (Flyball, 9, EV 71.9 MPH)
|
|
Batting: RHB Gabe Morales
|
0-0: Ball 1-0: Foul Ball, location: 2F 1-1: Ball 2-1: Ground out 5-3 (Groundball, 56, EV 93.1 MPH)
|
|
Batting: RHB Paul Wirkus
|
0-0: Foul Ball, location: 2F 0-1: Called Strike 0-2: Foul Ball, location: 2F 0-2: Ball 1-2: Ball 2-2: Ball 3-2: Fly out, F8 (Flyball, 89D, EV 93.1 MPH)
|
| Top of the 8th over - 0 runs, 0 hits, 0 errors, 0 left on base; Reading 12 - Elmira 4 |
| BOTTOM OF THE 8TH |
|
Elmira Pioneers batting - Pitching for Reading Phillies : RHP Tim Burke
|
|
Batting: RHB Greg Keatley
|
0-0: Called Strike 0-1: Swinging Strike 0-2: Ball 1-2: Foul Ball, location: 2F 1-2: Foul Ball, location: 2F 1-2: Ball 2-2: Ball 3-2: Foul Ball, location: 2F 3-2: Fly out, F7 (Flyball, 7D, EV 91.9 MPH)
|
|
Batting: RHB Edwin Rodriguez
|
0-0: Fly out, F9 (Line Drive, 9, EV 84.4 MPH)
|
|
Batting: SHB Esteban Mendez
|
0-0: Foul Ball, location: 2F 0-1: SINGLE (Groundball, 6M, EV 86.9 MPH) (infield hit)
|
|
Batting: LHB Juan Flores
|
0-0: Called Strike 0-1: Ball 1-1: Ball 2-1: Foul Ball, location: 2F 2-2: Fly out, F6 (Popup, P, EV 84.4 MPH)
|
| Bottom of the 8th over - 0 runs, 1 hit, 0 errors, 1 left on base; Reading 12 - Elmira 4 |
| TOP OF THE 9TH |
|
Reading Phillies batting - Pitching for Elmira Pioneers : RHP Rocky Childress
|
|
Batting: SHB Doug Baker
|
0-0: Foul Ball, location: 2F 0-1: SINGLE (Line Drive, 78S, EV 93.1 MPH)
|
|
Pinch Hitting: SHB Christopher Chavez
|
0-0: Ball 1-0: Called Strike 1-1: Ball 2-1: Foul Ball, location: 2F 2-2: Ball 3-2: Foul Ball, location: 2F 3-2: Base on Balls Doug Baker to second
|
|
Batting: LHB George Johnson
|
0-0: Called Strike 0-1: Ball 1-1: Ball 2-1: Foul Ball, location: 2F 2-2: Ball 3-2: Fielders Choice at 2nd, 4-6 (Groundball, 4S, EV 78.8 MPH) Doug Baker to third
|
|
Pitching: RHP Gregory Wilkes
|
|
|
Pinch Hitting: RHB Richard Hyatt
|
0-0: Ball 1-0: Ball 2-0: Called Strike 2-1: Swinging Strike 2-2: Strikes out swinging
|
|
Batting: LHB Martino Martin
|
0-0: Called Strike 0-1: Reached on error, E6 (Groundball, 6, EV 80.0 MPH) Doug Baker scores George Johnson to second
|
|
Batting: RHB Ricardo Rivera
|
0-0: Swinging Strike 0-1: Ball 1-1: Ball 2-1: Swinging Strike 2-2: Ball 3-2: Strikes out swinging
|
| Top of the 9th over - 1 run, 1 hit, 1 error, 2 left on base; Reading 13 - Elmira 4 |
| BOTTOM OF THE 9TH |
|
Elmira Pioneers batting - Pitching for Reading Phillies : RHP Tim Burke
|
|
Now at 2B: Christopher Chavez
|
|
|
Now at 3B: Richard Hyatt
|
|
|
Batting: RHB Curtis Cannedy
|
0-0: SINGLE (Groundball, 5D, EV 96.3 MPH)
|
|
Batting: LHB German Barranca
|
0-0: Called Strike 0-1: Ball 1-1: Foul Ball, location: 2F 1-2: Ball 2-2: Fielders Choice at 2nd, 4-6 (Groundball, 34, EV 89.4 MPH)
|
|
Batting: RHB Ken Dowell
|
0-0: Ball Wild Pitch! German Barranca to second 1-0: Foul Ball, location: 2F 1-1: Ball 2-1: Swinging Strike 2-2: Ground out 5-3 (Groundball, 56, EV 84.4 MPH)
|
|
Batting: RHB Mark Wasinger
|
0-0: Called Strike 0-1: Foul Ball, location: 2F 0-2: Fly out, F8 (Flyball, 89D, EV 84.4 MPH)
|
| Bottom of the 9th over - 0 runs, 1 hit, 0 errors, 1 left on base; Reading 13 - Elmira 4 |
|